 Dungeon Crawl Stone Soup version 0.18-a0-801-gb01a236 (webtiles) character file.

355 JokEr the Skirmisher (level 6, -1/45 HPs)
             Began as an Octopode Fighter on Dec 14, 2015.
             Slain by JokEr's ghost (12 damage)
             ... on level 4 of the Dungeon.
             The game lasted 00:07:46 (3018 turns).

JokEr the Skirmisher (Octopode Fighter)             Turns: 3018, Time: 00:07:46

Health: -1/45      AC:  1    Str: 16    XL:     6   Next: 63%
Magic:  6/6        EV:  6    Int: 12    God:
Gold:   271        SH:  9    Dex: 16    Spells: 0 memorised, 5 levels left

rFire  . . .     SeeInvis .     n - +3 long sword of the Penguin {elec, rElec rC- rN+} (curse)
rCold  x . .     Clarity  .     b - +0 shield
rNeg   + . .     SustAt   .     (helmet restricted)
rPois  .         Gourm    .     (no amulet)
rElec  +         Spirit   .     j - +5 ring of dexterity
rCorr  .         Dismiss  .     o - ring of flight
rMut   .         Stasis   .     (no ring)
MR     .....                    (no ring)
Stlth  ++........               (no ring)
                                (no ring)
                                (no ring)
                                (no ring)

@: not resistant to hostile enchantments, unstealthy
A: almost no armour, amphibious, 8 rings, constrict 8, camouflage 1, gelatinous
body 1
a: Evoke Flight


You were on level 4 of the Dungeon.
You were not hungry.

You visited 1 branch of the dungeon, and saw 4 of its levels.

You collected 271 gold pieces.

Inventory:

Hand Weapons
 a - a +1 war axe
 n - the cursed +3 long sword of the Penguin (weapon) {elec, rElec rC- rN+}
   (You found it on level 4 of the Dungeon)

   Occasionally, upon striking a foe, it will discharge some electrical energy
   and cause terrible harm.
   It makes you vulnerable to cold.
   It insulates you from electricity.
   It protects you from negative energy.
   It has a curse placed upon it.
Missiles
 r - 10 poisoned needles (quivered)
Armour
 b - a +0 shield (worn)
Jewellery
 j - a +5 ring of dexterity (left tentacle)
 o - a ring of flight (right tentacle)
 s - an uncursed amulet of resist corrosion {unknown}
Scrolls
 h - 4 scrolls of identify
 i - 2 scrolls of teleportation
 m - a scroll of blinking
 p - a scroll of magic mapping {unknown}
Potions
 c - 2 potions of might
 d - a potion of heal wounds {unknown}
 e - 2 potions of cancellation {unknown}
 g - a potion of agility {unknown}
 k - a potion of curing {unknown}
 q - a potion of degeneration {unknown}
 t - a potion of flight {unknown}
Comestibles
 f - a fruit
 l - 2 meat rations
 u - a bread ration


   Skills:
 + Level 5.5 Fighting
 + Level 5.0 Axes
 - Level 3.0 Dodging
 - Level 3.0 Shields


You had 5 spell levels left.
You didn't know any spells.

Dungeon Overview and Level Annotations

Branches:
Dungeon (4/15)
 Temple: D:4-7

Altars:
Ashenzari
Nemelex Xobeh
Okawaru
Zin
The Shining One

Annotations:
D:4 JokEr's ghost, amateur OpFi


Innate Abilities, Weirdness & Mutations

You cannot wear most types of armour.
You are amphibious.
You can wear up to eight rings at the same time.
You can use your tentacles to constrict eight enemies at once.
Your skin changes colour to match your surroundings (Stealth).
Your rubbery body absorbs attacks (AC +1).


Message History

JokEr's ghost turns its malevolent gaze towards you.
JokEr's ghost ripples.
JokEr's ghost hits you!
You barely miss JokEr's ghost. Your squeeze misses JokEr's ghost.
JokEr's ghost hits you!
You slash JokEr's ghost!
JokEr's ghost is moderately damaged.
You block JokEr's ghost's attack. JokEr's ghost closely misses you.
You slash JokEr's ghost! Your squeeze misses JokEr's ghost.
JokEr's ghost is heavily damaged.
JokEr's ghost hits you!
* * * LOW HITPOINT WARNING * * *
JokEr's ghost laughs, "And you think you're capable of finding the ORB?
I had it, you know.
Then I gave it away so I could steal it AGAIN."
JokEr's ghost hits you.
* * * LOW HITPOINT WARNING * * *
JokEr's ghost wails, "Do you think the gods will protect you?"
JokEr's ghost lets out a mournful wail.
There is a stone staircase leading up here.
JokEr's ghost hits you!
You die...

###.......##
#.#####...
####...#.....######.#
#....
.........#>.........#
#.#.#.
###.##.#....######..#
##.... #.......#
#..####....
#..#.##.##
#........##
#........#
####.###...
#.#####W.# #.##....
#..#####@.# #.......
##........###
#.##...#
#.#####.....#
#.###... #.....# #.#
#... #.....# #.# #...
#.....# #.# ###.
#.....# #.( ...
####### #. ##.. ###


You could see JokEr's ghost.

Vanquished Creatures
  The ghost of JokEr the Sneak, an amateur OpFi (D:3)
  A phantom (D:4)
  Ijyb (D:3)
  A hound skeleton (D:4)
  3 adders (D:3)
  2 oozes
  A worm (D:3)
  2 giant geckos
  6 orcs (D:3)
  A ball python (D:3)
  6 bats
  16 goblins
  6 hobgoblins
  3 jackals (D:3)
  6 kobolds
  2 giant cockroaches
  2 giant newts (D:1)
  2 quokkas
  9 rats
71 creatures vanquished.

Notes
Turn   | Place    | Note
--------------------------------------------------------------
     0 | D:1      | JokEr the Octopode Fighter began the quest for the Orb.
     0 | D:1      | Reached XP level 1. HP: 16/16 MP: 1/1
    76 | D:1      | Found an iron altar of Okawaru.
   141 | D:1      | Reached XP level 2. HP: 21/21 MP: 2/2
   556 | D:1      | Reached XP level 3. HP: 26/26 MP: 3/3
   925 | D:2      | Found a shattered altar of Ashenzari.
  1227 | D:2      | Found a glowing golden altar of the Shining One.
  1645 | D:3      | Noticed Ijyb
  1659 | D:3      | Killed Ijyb
  1659 | D:3      | Reached skill level 4 in Fighting
  1659 | D:3      | Reached XP level 4. HP: 19/33 MP: 4/4
  1840 | D:3      | Noticed JokEr's ghost (amateur OpFi)
  1849 | D:3      | Killed JokEr's ghost
  1849 | D:3      | Reached XP level 5. HP: 22/38 MP: 5/5
  2159 | D:3      | Found a glowing silver altar of Zin.
  2160 | D:3      | Noticed an angel
  2353 | D:3      | Reached skill level 5 in Fighting
  2407 | D:3      | Reached XP level 6. HP: 39/45 MP: 6/6
  2708 | D:3      | Found a sparkling altar of Nemelex Xobeh.
  2926 | D:4      | Got a blackened long sword
  2927 | D:4      | Identified the cursed +3 long sword of the Penguin {elec, rElec rC- rN+} (You found it on level 4 of the Dungeon)
  2956 | D:4      | Reached skill level 5 in Axes
  2984 | D:4      | Noticed JokEr's ghost (amateur OpFi)
  3018 | D:4      | Slain by JokEr's ghost

Vault maps used:
D:1:      dpeg_arrival_round_b, minmay_fountain_box, okawaru_ov_weapons_minmay
D:2:      ashenzari_conservatory_becter, marbit_many_paths,
          kennysheep_generic_room_9
D:3:      kennysheep_goblin_castle, nicolae_overflow_crystal_walls, zin_angel,
          first_bread
D:4:      kennysheep_ying_yang, serial_bayou_ford_a,
          hangedman_decor_peaks_small, minmay_door_square,
          hangedman_decor_points

Action                   |  1- 3 |  4- 6 || total
-------------------------+-------+-------++-------
Melee: War axe           |    52 |    56 ||   108
       Long sword        |       |    10 ||    10
  Use: Scroll            |     7 |     3 ||    10
 Stab: Sleeping          |     6 |     8 ||    14
       Distracted        |       |     1 ||     1
  Eat: Chunk             |     2 |     2 ||     4
       Bread ration      |       |     1 ||     1
